MLB
OAKLAND ATHLETICS @ SAN FRANCISCO GIANTS
08/29/2049
 
TOP OF THE 1ST
Oakland Athletics batting - Pitching for San Francisco Giants : LHP Randy Johnson Jr.
Pitching: LHP Randy Johnson Jr.
Batting: RHB Jason May 0-0: Foul Ball, location: 2F
0-1: Foul Ball, location: 2F
0-2: Foul Ball, location: 2F
0-2: Strikes out swinging
Batting: LHB Tom Butterbaugh 0-0: Called Strike
0-1: Ball
1-1: Swinging Strike
1-2: Ball
2-2: Foul Ball, location: 2F
2-2: Foul Ball, location: 2F
2-2: SINGLE (Flyball, 8RS, EV 88.1 MPH)
Batting: RHB Muneo Kawachi 0-0: Swinging Strike
0-1: Fly out, F9 (Flyball, 9S, EV 88.1 MPH)
Batting: RHB Randy Shrewsbury 0-0: Called Strike
0-1: Ball
1-1: Ball
2-1: Swinging Strike
2-2: Foul Ball, location: 2F
2-2: Strikes out looking
Top of the 1st over - 0 runs, 1 hit, 0 errors, 1 left on base; Oakland 0 - San Francisco 0
BOTTOM OF THE 1ST
San Francisco Giants batting - Pitching for Oakland Athletics : RHP Melvin Medellin
Pitching: RHP Melvin Medellin
Batting: RHB Philip Jansen 0-0: Ball
1-0: Ground out 1-3 (Groundball, 34S, EV 66.9 MPH)
Batting: SHB Ryan Doss 0-0: Called Strike
0-1: SINGLE (Groundball, 6S, EV 74.4 MPH) (infield hit)
Batting: LHB Jack Henningar 0-0: Ball
1-0: Foul Ball, location: 2F
1-1: Called Strike
Ryan Doss steals 2nd base
1-2: Foul Ball, location: 2F
1-2: Foul Ball, location: 2F
1-2: Ball
2-2: Ball
3-2: Base on Balls
Batting: LHB Tom Best 0-0: Called Strike
0-1: Hit by Pitch
Ryan Doss to third
Jack Henningar to second
Batting: SHB Bill Dooms 0-0: Swinging Strike
0-1: GRAND SLAM HOME RUN (Flyball, 9D, EV 98.8 MPH), Distance : 383 ft
Batting: LHB Mason Duffy 0-0: Ground out 6-3 (Groundball, 6S, EV 68.8 MPH)
Batting: LHB Luis Magdaleno 0-0: Fly out, F5 (Popup, 56, EV 62.5 MPH)
Bottom of the 1st over - 4 runs, 2 hits, 0 errors, 0 left on base; Oakland 0 - San Francisco 4
TOP OF THE 2ND
Oakland Athletics batting - Pitching for San Francisco Giants : LHP Randy Johnson Jr.
Batting: RHB Robby Juarez 0-0: Ball
1-0: Ball
2-0: Swinging Strike
2-1: DOUBLE (Groundball, 5L, EV 103.1 MPH)
Batting: LHB R.J. O'Brien 0-0: Ball
1-0: Ball
2-0: Called Strike
2-1: Foul Ball, location: 7LMF
2-2: Foul Ball, location: 2F
2-2: Ground out 6-3 (Groundball, 6M, EV 96.9 MPH)
Robby Juarez to third
Batting: RHB Nick Gentzel 0-0: Called Strike
0-1: Called Strike
0-2: Strikes out looking
Batting: SHB Quincy Bradford 0-0: Ball
1-0: Called Strike
1-1: Ground out 3-1 (Groundball, 13, EV 86.2 MPH)
Top of the 2nd over - 0 runs, 1 hit, 0 errors, 1 left on base; Oakland 0 - San Francisco 4
BOTTOM OF THE 2ND
San Francisco Giants batting - Pitching for Oakland Athletics : RHP Melvin Medellin
Batting: RHB Bill Defazio 0-0: Ball
1-0: Ground out 3-1 (Groundball, 34, EV 88.8 MPH)
Batting: RHB Ruben Garza 0-0: Ball
1-0: Called Strike
1-1: Ball
2-1: Foul Ball, location: 2F
2-2: Strikes out swinging
Batting: RHB Philip Jansen 0-0: Ball
1-0: Ball
2-0: Called Strike
2-1: Ball
3-1: Base on Balls
Batting: SHB Ryan Doss 0-0: Foul Ball, location: 7LDF
0-1: Swinging Strike
0-2: Foul Ball, location: 2F
0-2: Strikes out swinging
Bottom of the 2nd over - 0 runs, 0 hits, 0 errors, 1 left on base; Oakland 0 - San Francisco 4
TOP OF THE 3RD
Oakland Athletics batting - Pitching for San Francisco Giants : LHP Randy Johnson Jr.
Batting: RHB Garry Hash 0-0: Called Strike
0-1: Ball
1-1: Ball
2-1: Ball
3-1: Foul Ball, location: 2F
3-2: Foul Ball, location: 9LDF
3-2: Base on Balls
Batting: RHB Jason May 0-0: Called Strike
Garry Hash steals 2nd base
0-1: Called Strike
Garry Hash steals 3rd base
0-2: Ball
1-2: Foul Ball, location: 2F
1-2: Strikes out looking
Batting: LHB Tom Butterbaugh 0-0: Ball
1-0: Called Strike
1-1: Ball
2-1: Called Strike
2-2: Ball
3-2: Foul Ball, location: 2F
3-2: Base on Balls
Batting: RHB Muneo Kawachi 0-0: Ball
1-0: SINGLE (Groundball, 56D, EV 105.0 MPH)
Garry Hash scores
Tom Butterbaugh to second
Batting: RHB Randy Shrewsbury 0-0: Ground out U3 (Groundball, 3S, EV 75.6 MPH)
Tom Butterbaugh to third
Muneo Kawachi to second
Batting: RHB Robby Juarez 0-0: Ground out 5-3 (Groundball, 5S, EV 84.4 MPH)
Top of the 3rd over - 1 run, 1 hit, 0 errors, 2 left on base; Oakland 1 - San Francisco 4
BOTTOM OF THE 3RD
San Francisco Giants batting - Pitching for Oakland Athletics : RHP Melvin Medellin
Batting: LHB Jack Henningar 0-0: Foul Ball, location: 7LMF
0-1: Ball
1-1: Foul Ball, location: 2LF
1-2: Strikes out looking
Batting: LHB Tom Best 0-0: Hit by Pitch
Batting: SHB Bill Dooms 0-0: Ball
1-0: SINGLE (Line Drive, 89S, EV 93.8 MPH)
Tom Best to second
Batting: LHB Mason Duffy 0-0: Called Strike
0-1: Ball
1-1: Foul Ball, location: 2F
1-2: Ball
2-2: Fielders Choice at 2nd, 2-4 (Groundball, 15S, EV 62.5 MPH)
Tom Best to third
Batting: LHB Luis Magdaleno 0-0: Ball
1-0: Called Strike
1-1: Ball
2-1: Swinging Strike
2-2: Fielders Choice at 2nd, 5-4 (Groundball, 56, EV 98.1 MPH)
Bottom of the 3rd over - 0 runs, 1 hit, 0 errors, 2 left on base; Oakland 1 - San Francisco 4
TOP OF THE 4TH
Oakland Athletics batting - Pitching for San Francisco Giants : LHP Randy Johnson Jr.
Batting: LHB R.J. O'Brien 0-0: Swinging Strike
0-1: Foul Ball, location: 2F
0-2: Ball
1-2: Ball
2-2: Ball
3-2: Ground out 5-3 (Groundball, 56, EV 96.9 MPH)
Batting: RHB Nick Gentzel 0-0: Ball
1-0: Ball
2-0: Foul Ball, location: 3DF
2-1: Called Strike
2-2: Strikes out swinging
Batting: SHB Quincy Bradford 0-0: Foul Ball, location: 2F
0-1: Ground out 5-3 (Groundball, 5S, EV 78.1 MPH)
Top of the 4th over - 0 runs, 0 hits, 0 errors, 0 left on base; Oakland 1 - San Francisco 4
BOTTOM OF THE 4TH
San Francisco Giants batting - Pitching for Oakland Athletics : RHP Melvin Medellin
Batting: RHB Bill Defazio 0-0: Called Strike
0-1: Single, Error in OF, E8, batter to second base (Groundball, 4MD, EV 99.4 MPH)
Batting: RHB Ruben Garza 0-0: Foul Ball, location: 3DF
0-1: Ball
1-1: Ball
2-1: Ball
3-1: Swinging Strike
3-2: Strikes out swinging
Batting: RHB Philip Jansen 0-0: Called Strike
0-1: Swinging Strike
0-2: Strikes out swinging
Batting: SHB Ryan Doss 0-0: Called Strike
0-1: Swinging Strike
0-2: Strikes out swinging
Bottom of the 4th over - 0 runs, 1 hit, 1 error, 1 left on base; Oakland 1 - San Francisco 4
TOP OF THE 5TH
Oakland Athletics batting - Pitching for San Francisco Giants : LHP Randy Johnson Jr.
Batting: RHB Garry Hash 0-0: Ball
1-0: Foul Ball, location: 2F
1-1: Ball
2-1: Foul Ball, location: 2F
2-2: Foul Ball, location: 2F
2-2: Foul Ball, location: 2F
2-2: Ball
3-2: Fly out, F6 (Line Drive, 6, EV 73.8 MPH)
Batting: RHB Jason May 0-0: Ball
1-0: Ball
2-0: Called Strike
2-1: Called Strike
2-2: Foul Ball, location: 2F
2-2: Strikes out swinging
Batting: LHB Tom Butterbaugh 0-0: Ball
1-0: Fly out, F7 (Flyball, 78S, EV 95.0 MPH)
Top of the 5th over - 0 runs, 0 hits, 0 errors, 0 left on base; Oakland 1 - San Francisco 4
BOTTOM OF THE 5TH
San Francisco Giants batting - Pitching for Oakland Athletics : RHP Melvin Medellin
Batting: LHB Jack Henningar 0-0: Ball
1-0: Ground out 6-3 (Groundball, 4M, EV 77.5 MPH)
Batting: LHB Tom Best 0-0: Ball
1-0: Ball
2-0: Called Strike
2-1: Ball
3-1: Base on Balls
Batting: SHB Bill Dooms 0-0: Ball
1-0: Swinging Strike
1-1: Foul Ball, location: 2LF
1-2: SINGLE (Groundball, 56S, EV 72.5 MPH) (infield hit)
Tom Best to second
Batting: LHB Mason Duffy 0-0: Ball
1-0: Grounds into double play, 4-6-3 (Groundball, 34, EV 85.6 MPH)
Bottom of the 5th over - 0 runs, 1 hit, 0 errors, 1 left on base; Oakland 1 - San Francisco 4
TOP OF THE 6TH
Oakland Athletics batting - Pitching for San Francisco Giants : LHP Randy Johnson Jr.
Batting: RHB Muneo Kawachi 0-0: Ball
1-0: Foul Ball, location: 2F
1-1: Foul Ball, location: 2F
1-2: Strikes out swinging
Batting: RHB Randy Shrewsbury 0-0: Foul Ball, location: 2F
0-1: Called Strike
0-2: Ball
1-2: Ground out 6-3 (Groundball, 56, EV 100.0 MPH)
Batting: RHB Robby Juarez 0-0: Foul Ball, location: 2F
0-1: Ground out 5-3 (Groundball, 56, EV 86.2 MPH)
Top of the 6th over - 0 runs, 0 hits, 0 errors, 0 left on base; Oakland 1 - San Francisco 4
BOTTOM OF THE 6TH
San Francisco Giants batting - Pitching for Oakland Athletics : RHP Melvin Medellin
Batting: LHB Luis Magdaleno 0-0: Called Strike
0-1: Foul Ball, location: 7LMF
0-2: Strikes out swinging
Batting: RHB Bill Defazio 0-0: Foul Ball, location: 2F
0-1: Swinging Strike
0-2: Ball
1-2: Ball
2-2: Foul Ball, location: 2F
2-2: Ground out 4-3 (Groundball, 34D, EV 87.5 MPH)
Batting: RHB Ruben Garza 0-0: Swinging Strike
0-1: Ball
1-1: Ball
2-1: Called Strike
2-2: Strikes out swinging
Bottom of the 6th over - 0 runs, 0 hits, 0 errors, 0 left on base; Oakland 1 - San Francisco 4
TOP OF THE 7TH
Oakland Athletics batting - Pitching for San Francisco Giants : LHP Randy Johnson Jr.
Batting: LHB R.J. O'Brien 0-0: Ball
1-0: Foul Ball, location: 2F
1-1: Ball
2-1: Foul Ball, location: 2F
2-2: Foul Ball, location: 7LSF
2-2: Strikes out swinging
Pitching: RHP Filip Nebylitsin
Batting: RHB Nick Gentzel 0-0: Ball
1-0: Ball
2-0: Called Strike
2-1: Swinging Strike
2-2: Strikes out swinging
Batting: SHB Quincy Bradford 0-0: Ball
1-0: Ball
2-0: Foul Ball, location: 2F
2-1: Called Strike
2-2: Ball
3-2: Fly out, F7 (Flyball, 7, EV 93.8 MPH)
Top of the 7th over - 0 runs, 0 hits, 0 errors, 0 left on base; Oakland 1 - San Francisco 4
BOTTOM OF THE 7TH
San Francisco Giants batting - Pitching for Oakland Athletics : RHP Melvin Medellin
Batting: RHB Philip Jansen 0-0: Ball
1-0: Ground out 5-3 (Groundball, 5, EV 84.4 MPH)
Batting: SHB Ryan Doss 0-0: Called Strike
0-1: Called Strike
0-2: Ball
1-2: Strikes out looking
Batting: LHB Jack Henningar 0-0: Ball
1-0: Foul Ball, location: 2F
1-1: Ball
2-1: Foul Ball, location: 2F
2-2: Ground out U3 (Groundball, 3S, EV 84.4 MPH)
Bottom of the 7th over - 0 runs, 0 hits, 0 errors, 0 left on base; Oakland 1 - San Francisco 4
TOP OF THE 8TH
Oakland Athletics batting - Pitching for San Francisco Giants : RHP Filip Nebylitsin
Pitching: RHP Jorge Sosa
Batting: RHB Garry Hash 0-0: Foul Ball, location: 2F
0-1: Ball
1-1: Ball
2-1: Ball
3-1: Foul Ball, location: 2F
3-2: Foul Ball, location: 3DF
3-2: Foul Ball, location: 5DF
3-2: DOUBLE (Line Drive, 89M, EV 103.1 MPH)
Batting: RHB Jason May 0-0: Called Strike
0-1: Ball
1-1: Ball
2-1: Swinging Strike
2-2: Strikes out looking
Batting: LHB Tom Butterbaugh 0-0: Ball
1-0: Ball
2-0: Called Strike
2-1: Foul Ball, location: 2F
2-2: Foul Ball, location: 2F
2-2: Foul Ball, location: 7LSF
2-2: SINGLE (Line Drive, 9S, EV 103.8 MPH)
Garry Hash to third
Batting: RHB Muneo Kawachi 0-0: Ball
1-0: Ball
2-0: Ball
3-0: Called Strike
3-1: Base on Balls
Tom Butterbaugh to second
Batting: RHB Randy Shrewsbury 0-0: Foul Ball, location: 2F
0-1: Ball
1-1: Foul Ball, location: 2F
1-2: Strikes out swinging
Pitching: LHP Tyler Stancil
Pinch Hitting: LHB Jeff Luvisi 0-0: Foul Ball, location: 9LMF
0-1: Swinging Strike
0-2: Strikes out swinging
Top of the 8th over - 0 runs, 2 hits, 0 errors, 3 left on base; Oakland 1 - San Francisco 4
BOTTOM OF THE 8TH
San Francisco Giants batting - Pitching for Oakland Athletics : RHP Melvin Medellin
Pitching: RHP Elijah Everett
Now at SS: Ryan Langlois
Batting: LHB Tom Best 0-0: Ball
1-0: Ball
2-0: Ball
3-0: Base on Balls
Batting: SHB Bill Dooms 0-0: Foul Ball, location: 2F
0-1: Called Strike
0-2: Ball
1-2: Strikes out looking
Batting: LHB Mason Duffy 0-0: Ground out 4-3 (Groundball, 4, EV 98.8 MPH)
Tom Best to second
Batting: LHB Luis Magdaleno 0-0: Called Strike
0-1: Foul Ball, location: 2F
0-2: Ball
1-2: Ball
2-2: Strikes out swinging
Bottom of the 8th over - 0 runs, 0 hits, 0 errors, 1 left on base; Oakland 1 - San Francisco 4
TOP OF THE 9TH
Oakland Athletics batting - Pitching for San Francisco Giants : LHP Tyler Stancil
Pitching: LHP Caleb Mullinax
Pinch Hitting: RHB Jorge Severiano 0-0: Ball
1-0: Ground out 5-3 (Groundball, 5, EV 88.8 MPH)
Batting: RHB Nick Gentzel 0-0: Called Strike
0-1: Swinging Strike
0-2: Foul Ball, location: 2F
0-2: SOLO HOME RUN (Flyball, 9LD, EV 98.8 MPH), Distance : 379 ft
Batting: SHB Quincy Bradford 0-0: Called Strike
0-1: Foul Ball, location: 2F
0-2: Ball
1-2: Ball
2-2: Ball
3-2: Fly out, F7 (Flyball, 7S, EV 85.0 MPH)
Batting: RHB Garry Hash 0-0: Ball
1-0: Called Strike
1-1: Called Strike
1-2: Ball
2-2: Strikes out looking
Top of the 9th over - 1 run, 1 hit, 0 errors, 0 left on base; Oakland 2 - San Francisco 4
Sunday, July 16th , 2023 - OOTP Baseball 24.6 Build 69